 Dungeon Sprint DCSS version 0.26-a0-652-gafc20e3620 (webtiles) character file.

Game seed: 3647972276198621901

1024 sahdkjhfkaj the Transmogrifier (level 8, 0/54 HPs)
             Began as an Octopode Transmuter on Oct 3, 2020.
             Was a High Priest of Sif Muna.
             Slain by a yak (17 damage)
             ... in the Dungeon (Sprint VII: "The Pits").
             The game lasted 00:02:13 (1367 turns).

sahdkjhfkaj the Transmogrifier (OpTm)               Turns: 1367, Time: 00:02:13

Health: 0/54       AC:  1    Str: 10    XL:     8   Next: 22%
Magic:  8/14       EV: 15    Int: 16    God:    Sif Muna [*****.]
Gold:   0          SH:  0    Dex: 13    Spells: 9/15 levels left

rFire    . . .     SeeInvis .     - Unarmed
rCold    . . .     Faith    .   (shield currently unavailable)
rNeg     . . .     Spirit   .   (helmet restricted)
rPois    .         Reflect  .   (no amulet)
rElec    .         Harm     .   (no ring)
rCorr    .         Rampage  .   (no ring)
MR       .....     NoTele   +   (no ring)
Stlth    ++........             (no ring)
HPRegen  0.18/turn              (no ring)
MPRegen  0.14/turn              (no ring)
                                (no ring)
                                (no ring)

@: blade tentacles
A: almost no armour, stealthy swim, amphibious, 8 rings, constrict 8, camouflage
1, gelatinous body 1
a: End Transformation, Channel Magic, Forget Spell, Divine Exegesis, Renounce
Religion


You were in the Dungeon.
You worshipped Sif Muna.
Sif Muna was extremely pleased with you.
You had blades for tentacles.
You visited 1 branch

Inventory:

Scrolls
 g - a scroll of blinking
 h - 3 scrolls of remove curse
 i - 5 scrolls of amnesia
 j - a scroll of summoning
 k - 2 scrolls of vulnerability
Potions
 a - 2 potions of invisibility
 b - 6 potions of curing
 c - 3 potions of heal wounds
 d - a potion of haste
 e - 4 potions of magic
 f - 3 potions of berserk rage


   Skills:
 + Level 4.0 Fighting
 + Level 4.4 Dodging
 * Level 10.1 Unarmed Combat
 + Level 4.1 Spellcasting
 + Level 12.7 Transmutations


You had 9 spell levels left.
You knew the following spells:

 Your Spells              Type           Power        Failure   Level
a - Beastly Appendage     Tmut           #####.       7%          1
A - Blade Hands           Tmut           #####.....   24%         5

Your spell library contained the following spells:

 Spells                   Type           Power        Failure   Level
 Wereblood                Tmut           #####...     8%          2
 Sting                    Tmut/Pois      ###.         17%         1
 Spider Form              Tmut/Pois      ###.......   28%         3
 Ignite Poison            Fire/Tmut/Pois ###.....     43%         3
 Ice Form                 Ice/Tmut       ###.....     50%         4
 Petrify                  Tmut/Erth      ###.....     50%         4
 Hydra Form               Tmut           #####.....   54%         6
 Dragon Form              Tmut           #####.....   91%         7
 Leda's Liquefaction      Hex/Erth       #.........   99%         4


Dungeon Overview and Level Annotations

Branches:
Dungeon (1/1)

Altars:
Ashenzari
Cheibriados
Dithmenos
Elyvilon
Fedhas
Gozag
Hepliaklqana
Kikubaaqudgha
Makhleb
Nemelex Xobeh
Okawaru
Qazlal
Ru
Sif Muna
Trog
Uskayaw
Vehumet
Wu Jian
Xom
Yredelemnul
Zin
The Shining One
Beogh
Jiyva
Lugonu


Innate Abilities, Weirdness & Mutations

You cannot wear most types of armour.
You are very stealthy in the water. (Stealth+)
You are amphibious.
You can wear up to eight rings at the same time.
You can use your tentacles to constrict eight enemies at once.
Your skin changes colour to match your surroundings (Stealth+).
Your rubbery body absorbs attacks. (AC +1, EV +1)


Message History

The yak is heavily wounded.
The yak gores you!
* * * LOW HITPOINT WARNING * * *
Unknown command.
Unknown command.
You feel much better. The yak gores you!
You slash the yak!
The yak is severely wounded.
Unknown command.
You slash the yak!
You kill the yak!
Sif Muna accepts your kill.
Your Fighting skill increases to level 4!
Your Unarmed Combat skill increases to level 10!
Your Spellcasting skill increases to level 4!
Unknown command.
You slice the yak!!
The yak is almost dead.
The yak gores you!
You die...

#.#.....#))##.......#
#.#..†..#[[##.......#
#.####'##'###...<...#
#.#....)...##.......#
#.#........##.......#
#'###########.......#
#.......#..##########
#..###..#.## ###
#.......#@# ...#
##.###.##Y#..Y.#
#.......#Y'..Y.+
#..###..#'#9Y..#
#...)...'[#....#
########### ####


You could see a yak, a molten gargoyle and an ice beast.

Vanquished Creatures
  A smoke demon (D)
  2 yaks (D)
  Sigmund (D)
  A phantom (D)
  A necrophage (D)
  A jelly (D)
  An iron imp (D)
  2 worker ants (D)
  A river rat (D)
  An adder zombie (D)
  2 leopard geckos (D)
  2 orcs (D)
  A bat zombie (D)
  A giant cockroach (D)
  A hobgoblin (D)
  7 jackals (D)
  2 bats (D)
28 creatures vanquished.

Notes
Turn   | Place    | Note
-------+----------+-------------------------------------------
     0 | D        | sahdkjhfkaj the Octopode Transmuter began the quest for the
                  | Orb.
     0 | D        | Reached XP level 1. HP: 13/13 MP: 3/3
     9 | D        | Noticed a worker ant
    15 | D        | Killed a worker ant
    15 | D        | Reached XP level 2. HP: 6/18 MP: 3/5
   211 | D        | Found a bloodstained altar of Trog.
   211 | D        | Found a shimmering blue altar of Sif Muna.
   211 | D        | Found a viscous altar of Jiyva.
   211 | D        | Found a hazy altar of Hepliaklqana.
   211 | D        | Found an opulent altar of Gozag.
   212 | D        | Found a glowing golden altar of the Shining One.
   212 | D        | Found a glowing silver altar of Zin.
   212 | D        | Found a basalt altar of Yredelemnul.
   212 | D        | Found a shimmering altar of Xom.
   212 | D        | Found an ornate altar of the Wu Jian Council.
   212 | D        | Found a sacrificial altar of Ru.
   212 | D        | Found a stormy altar of Qazlal.
   212 | D        | Found an iron altar of Okawaru.
   212 | D        | Found a sparkling altar of Nemelex Xobeh.
   212 | D        | Found a burning altar of Makhleb.
   212 | D        | Found a blossoming altar of Fedhas.
   212 | D        | Found a white marble altar of Elyvilon.
   212 | D        | Found a shadowy altar of Dithmenos.
   212 | D        | Found a snail-covered altar of Cheibriados.
   213 | D        | Found a radiant altar of Vehumet.
   213 | D        | Found a corrupted altar of Lugonu.
   213 | D        | Found a roughly hewn altar of Beogh.
   214 | D        | Found a hide-covered altar of Uskayaw.
   214 | D        | Found an ancient bone altar of Kikubaaqudgha.
   214 | D        | Found a broken altar of Ashenzari.
   221 | D        | Became a worshipper of Sif Muna the Loreminder
   254 | D        | Reached XP level 3. HP: 23/23 MP: 4/6
   260 | D        | Reached * piety under Sif Muna
   488 | D        | Reached ** piety under Sif Muna
   496 | D        | Reached XP level 4. HP: 17/28 MP: 5/7
   617 | D        | Reached *** piety under Sif Muna
   800 | D        | Reached **** piety under Sif Muna
   821 | D        | Reached skill level 4 in Transmutations
   821 | D        | Noticed a phantom
   822 | D        | Reached skill level 5 in Transmutations
   840 | D        | Killed a phantom
   840 | D        | Reached skill level 8 in Transmutations
   840 | D        | Reached XP level 5. HP: 6/33 MP: 8/8
  1088 | D        | Learned a level 5 spell: Blade Hands
  1095 | D        | Noticed Sigmund
  1100 | D        | Killed Sigmund
  1100 | D        | Reached skill level 11 in Transmutations
  1100 | D        | Reached XP level 6. HP: 35/38 MP: 3/9
  1111 | D        | Noticed a smoke demon
  1116 | D        | Killed a smoke demon
  1116 | D        | Reached ***** piety under Sif Muna
  1116 | D        | Identified Sif Muna's Collected Works on Stones and
                  | Transformation (Sif Muna gifted it to you in the Dungeon)
  1116 | D        | Received a gift from Sif Muna
  1116 | D        | Reached skill level 12 in Transmutations
  1116 | D        | Reached XP level 7. HP: 28/45 MP: 5/11
  1354 | D        | Noticed a molten gargoyle
  1354 | D        | Noticed a yak
  1354 | D        | Noticed a yak
  1354 | D        | Noticed a yak
  1354 | D        | Noticed a yak
  1354 | D        | Noticed a yak
  1354 | D        | Noticed a yak
  1362 | D        | Killed a yak
  1362 | D        | Reached XP level 8. HP: 19/53 MP: 8/13
  1366 | D        | Killed a yak
  1366 | D        | Reached skill level 10 in Unarmed Combat
  1367 | D        | Slain by a yak

Illustrated notes

Levels and vault maps discovered:
D:        pitsprint [storerooms_1, entrance_room_1, metal_vault_8, armoury_2,
          mini_pit_1, grid_room_1, main_hall_1, silver_pit, the_coven_3,
          the_vestibule_1, steel_vault_2, golden_pit, hallway_of_sentries,
          crystal_vault_4, iron_vault_3, final_vault]

Skill      XL: |  1  2  3  4  5  6  7  8 |
---------------+-------------------------+-----
Unarmed Combat | 6 8 9 10 | 10.1
Transmutations | 8 11 12 | 12.7
Fighting       | 2 3 4 |  4.0
Dodging        | 3 4 |  4.4
Spellcasting   | 3 4 |  4.1

Action                   |  1- 3 |  4- 6 |  7- 9 || total
-------------------------+-------+-------+-------++-------
Melee: Unarmed           |    27 |    35 |    18 ||    80
       Kick              |     4 |     5 |       ||     9
       Constrict         |     6 |     4 |     1 ||    11
       Tentacles         |     3 |     8 |       ||    11
       Punch             |     1 |       |     2 ||     3
 Cast: Beastly Appendage |     3 |     3 |       ||     6
       Blade Hands       |       |     1 |     2 ||     3
  Use: Potion            |       |     1 |     2 ||     3
 Stab: Sleeping          |       |     1 |       ||     1
Armor: Skin              |     1 |     1 |       ||     2
Dodge: Dodged            |    19 |    22 |     4 ||    45

Table legend: (Time is in decaauts)
 A = Elapsed time spent in this place.
 B = Non-inter-level travel time spent in this place.
 C = Inter-level travel time spent in this place.
 D = Time resting spent in this place.
 E = Time spent auto-exploring this place.
 F = Levels seen in this place.
 G = Mean time per level.
                   A        B        C        D        E       F      G
               +--------+--------+--------+--------+--------+-----+--------+
         Total |   1355 |   1334 |     21 |   1095 |      0 |   1 | 1355.0 |
       Dungeon |   1355 |   1334 |     21 |   1095 |      0 |   1 | 1355.0 |
               +--------+--------+--------+--------+--------+-----+--------+

Top non-repeatable levels by time:
       D: 1355 daAuts
